 Dungeon Crawl Stone Soup version 0.30-a0-591-g3c58d2bc28 (webtiles) character file.

Game seed: 12418305878204029462

339 spardeous the Nimble (level 6, -8/24 HPs)
             Began as a Felid Earth Elementalist on Jan 6, 2023.
             Mangled by an orc warrior
             ... wielding a +0 war axe
              (12 damage)
             ... on level 7 of the Dungeon.
             The game lasted 00:06:41 (5644 turns).

spardeous the Nimble (Felid Earth Elementalist)     Turns: 5644, Time: 00:06:41

Health: -8/24      AC:  2    Str: 10    XL:     6   Next: 29%
Magic:  7/10       EV: 23    Int: 19    God:
Gold:   336        SH:  0    Dex: 16    Spells: 8/9 levels left
                                        Lives:  0   Deaths: 2

rFire   . . .      SeeInvis +    (weapon unavailable)
rCold   . . .      Faith    .    (shield unavailable)
rNeg    . . .      Spirit   .    (body armour unavailable)
rPois   +          Reflect  .    (helmet unavailable)
rElec   .          Harm     .    (cloak unavailable)
rCorr   .          Rampage  .    (gloves unavailable)
Will    .....                    (boots unavailable)
Stlth   ++                       e - amulet of the acrobat
HPRegen 0.24/turn                u - +6 ring of strength
MPRegen 0.12/turn                w - ring of poison resistance

@: quick
A: very small, claws 1, fangs 3, see invisible, speed 1, shaggy fur 2, stealthy
paws, no weapons or thrown items, no armour, multi-lived
a: no special abilities


You were on level 7 of the Dungeon.
You visited 2 branches of the dungeon, and saw 8 of its levels.

You collected 336 gold pieces.

Inventory:

Jewellery
 e - an amulet of the acrobat (around neck)
 o - an amulet of guardian spirit
 u - a +6 ring of strength (left paw)
 w - a ring of poison resistance (right paw)
 B - an amulet of magic regeneration
Wands
 y - a wand of mindburst (11)
Scrolls
 c - 2 scrolls of enchant weapon {unknown}
 d - a scroll of butterflies {unknown}
 g - 2 scrolls of magic mapping {unknown}
 h - a scroll of blinking {unknown}
 j - a scroll of enchant armour {unknown}
 m - 2 scrolls of teleportation {unknown}
 n - a scroll of noise {unknown}
 q - a scroll of amnesia {unknown}
 r - 2 scrolls of identify {unknown}
 s - a scroll of poison {unknown}
 t - a scroll of vulnerability {unknown}
 x - a scroll of torment {unknown}
 z - a scroll of acquirement {unknown}
 C - a scroll of brand weapon {unknown}
Potions
 a - a potion of magic
 b - a potion of curing
 f - 2 potions of brilliance {unknown}
 i - a potion of heal wounds {unknown}
 k - a potion of attraction {unknown}
 l - a potion of might {unknown}
 p - a potion of haste {unknown}
 v - 2 potions of flight {unknown}
 A - a potion of degeneration {unknown}


   Skills:
 + Level 9.4 Dodging
 - Level 2.6 Stealth
 - Level 2.0 Spellcasting
 - Level 1.1 Transmutations
 + Level 6.9 Earth Magic


You had 8 spell levels left.
You knew the following spells:

 Your Spells              Type           Power      Damage    Failure   Level
a - Sandblast             Erth           56%        2d13      1%          1

Your spell library contained the following spells:

 Spells                   Type           Power      Damage    Failure   Level
 Passwall                 Tmut/Erth      14%        N/A       4%          2
 Stone Arrow              Conj/Erth      30%        3d8       12%         3
 Petrify                  Tmut/Erth      17%        N/A       32%         4
 Tukima's Dance           Hex            1%         N/A       45%         3
 Blade Hands              Tmut           3%         N/A       96%         5
 Portal Projectile        Hex/Tloc       Unusable   N/A       N/A         3

Dungeon Overview and Level Annotations

Branches:
Dungeon (7/15)             Temple (1/1) D:7

Altars:
Ashenzari
Cheibriados
Dithmenos
Fedhas
Hepliaklqana
Kikubaaqudgha
Makhleb
Okawaru
Qazlal
Ru
Sif Muna
Trog
Uskayaw
Vehumet
Wu Jian
Xom
The Shining One

Shops:
D:4 *


Innate Abilities, Weirdness & Mutations

You have sharp claws.
You have razor-sharp teeth.
You have supernaturally acute eyesight. (SInv)
You cover ground quickly. (Speed+)
You are covered in thick fur. (AC +2)
Your paws help you pounce on unaware monsters.
You are incapable of wielding weapons or throwing items.
You cannot wear armour.
You gain extra lives every three experience levels.


Message History

You climb upwards.
Welcome back to the Dungeon!
The orc warrior barely misses you.
The orc wizard points at you and mumbles some strange words.
The magic dart hits you!
There is a staircase to the Ecumenical Temple here.
Okay, then.
Casting: Sandblast (safe; 1% risk of failure)
Confirm with . or Enter, or press ? or * to list all spells.
Aiming: Sandblast (safe; 1% risk of failure)
Press: ? - help, Shift-Dir - straight line, f - orc warrior
Aim: an orc warrior, wielding a +0 war axe and wearing a +0 chain mail (81% to hit)
The blast of sand hits the orc warrior but does no damage.
Casting: Sandblast (safe; 1% risk of failure)
Confirm with . or Enter, or press ? or * to list all spells.
Aiming: Sandblast (safe; 1% risk of failure)
Press: ? - help, Shift-Dir - straight line, f/p - orc warrior
Aim: an orc warrior, wielding a +0 war axe and wearing a +0 chain mail (81% to hit)
The blast of sand misses the orc warrior.
The orc wizard mumbles some strange words.
The orc wizard flickers and vanishes for a moment.
Casting: Sandblast (safe; 1% risk of failure)
Confirm with . or Enter, or press ? or * to list all spells.
Aiming: Sandblast (safe; 1% risk of failure)
Press: ? - help, Shift-Dir - straight line, f/p - orc warrior
Aim: an orc warrior, wielding a +0 war axe and wearing a +0 chain mail (81% to hit)
The blast of sand hits the orc warrior.
The orc warrior is lightly wounded.
Casting: Sandblast (safe; 1% risk of failure)
Confirm with . or Enter, or press ? or * to list all spells.
Aiming: Sandblast (safe; 1% risk of failure)
Press: ? - help, Shift-Dir - straight line, f/p - orc warrior
Aim: an orc warrior, wielding a +0 war axe and wearing a +0 chain mail (lightly wounded, 81% to hit)
The blast of sand hits the orc warrior but does no damage.
The orc warrior is lightly wounded.
The orc warrior hits you with a +0 war axe!!
Ouch! That really hurt!
* * * LOW HITPOINT WARNING * * *
The orc warrior hits you with a +0 war axe!
Ouch! That really hurt!
You die...

### #.# #.. ... ##.##
##.#### ## #... .....#
.#### #..#####.##.# ....#
.###.......o##.# ....#
......#........####....#
####.#####..o..o@.#....###
#.........PP...........
#######....P>........#
#......P.........
#..............##
#...####.......# #...#
###.#.#... #...# .#...o.
#.... .. #...


You could see an orc warrior, an orc wizard (invisible) and an orc.

Vanquished Creatures
  A black bear (D:5)
  3 ogres
  2 phantoms
  A necrophage (D:6)
  A wight (D:7)
  2 howler monkeys (D:5)
  A crimson imp (D:5)
  A hound (D:4)
  3 jellies
  4 orc priests
  3 iguanas
  5 adders
  A shadow imp (D:6)
  A white imp (D:4)
  An ufetubus (D:5)
  2 worms
  3 dart slugs
  15 orcs
  2 bats
  4 endoplasms
  2 giant cockroaches
  7 goblins
  3 hobgoblins (D:4)
  4 jackals (D:2)
  3 quokkas
  5 ball pythons
  A frilled lizard (D:2)
  7 kobolds
  5 rats
93 creatures vanquished.

Vanquished Creatures (others)
  A plant (D:7)
1 creature vanquished.

Grand Total: 94 creatures vanquished

Notes
Turn   | Place    | Note
-------+----------+-------------------------------------------
     0 | D:1      | spardeous the Felid Earth Elementalist began the quest for
                  | the Orb.
     0 | D:1      | Reached XP level 1. HP: 7/7 MP: 4/4
    94 | D:1      | Reached skill level 3 in Dodging
   327 | D:1      | Reached XP level 2. HP: 11/11 MP: 4/6
  1557 | D:2      | Reached XP level 3. HP: 14/14 MP: 4/7
  1768 | D:2      | Reached skill level 4 in Dodging
  2010 | D:3      | Found a shadowy altar of Dithmenos.
  2706 | D:4      | Found a blossoming altar of Fedhas.
  2707 | D:4      | Found a hide-covered altar of Uskayaw.
  2737 | D:4      | Reached XP level 4. HP: 18/18 MP: 5/8
  2808 | D:4      | Noticed an ogre
  2826 | D:4      | Reached skill level 5 in Dodging
  2867 | D:4      | Noticed a phantom
  2923 | D:4      | Killed a phantom
  2924 | D:4      | Reached XP level 5. HP: 21/21 MP: 4/9
  2947 | D:4      | Killed an ogre
  2948 | D:4      | Reached skill level 6 in Dodging
  2948 | D:4      | Gained mutation: You are covered in thick fur. (AC +2)
                  | [Felid growth]
  2948 | D:4      | Reached XP level 6. HP: 24/24 MP: 2/10
  3355 | D:4      | Reached skill level 5 in Earth Magic
  3402 | D:4      | Found Rearr's Assorted Antiques.
  3845 | D:5      | Entered Level 5 of the Dungeon
  4041 | D:5      | Reached skill level 7 in Dodging
  4041 | D:5      | Reached XP level 7. HP: 27/27 MP: 7/11
  4287 | D:5      | Reached skill level 8 in Dodging
  4569 | D:5      | Found a burning altar of Makhleb.
  4813 | D:6      | Found a glowing golden altar of the Shining One.
  5329 | D:7      | Reached skill level 9 in Dodging
  5329 | D:7      | Reached XP level 8. HP: 6/31 MP: 6/12
  5444 | D:7      | Noticed a hornet
  5472 | D:7      | Slain by a hornet
  5473 | D:7      | Reached XP level 7. HP: 0/27 MP: 6/11
  5560 | D:7      | Slain by a wight
  5561 | D:7      | Reached XP level 6. HP: -4/22 MP: 5/10
  5561 | D:7      | Found a staircase to the Ecumenical Temple.
  5561 | D:7      | Noticed an orc warrior
  5566 | Temple   | Entered the Ecumenical Temple
  5644 | D:7      | Mangled by an orc warrior

Illustrated notes

Levels and vault maps discovered:
D:1:      tarquinn_simple_flora_water_c, layout_basic
D:2:      layout_basic, amcnicky_mini_rare_corridor_liquid
D:3:      layout_basic, lemuel_crystal_altar
D:4:      layout_loops_ring, minitemple, nicolae_concentric_dashed_squares_wild,
          nicolae_stop_n_shop_1, hangedman_decor_clover_reticule
D:5:      layout_loops_ring, makhleb_grotto_becter
D:6:      layout_rooms, mainiacjoe_overflow_brackets,
          chequers_serial_rivers_micro_d
D:7:      layout_basic, zin_academy, minmay_temple_entry_overgrown,
          serial_shops, nicolae_shop_statue_plus
Temple:   nicolae_temple_ecumenical_triangle

Skill      XL: |  1  2  3  4  5  6  7 |
---------------+----------------------+-----
Dodging        | 3 4 5 6 7 9 |  9.4
Earth Magic    | 3 4 5 6 |  6.9
Stealth        | |  2.6
Spellcasting   | |  2.0
Transmutations | |  1.1

Action                   |  1- 3 |  4- 6 |  7- 9 || total
-------------------------+-------+-------+-------++-------
Melee: Unarmed           |     6 |       |       ||     6
       Bite              |     2 |       |       ||     2
 Cast: Sandblast         |    58 |    75 |    66 ||   199
  Use: Potion            |       |       |     2 ||     2
Armor: Skin              |     3 |     1 |     1 ||     5
Dodge: Dodged            |    31 |    30 |    23 ||    84

Table legend: (Time is in decaauts)
 A = Elapsed time spent in this place.
 B = Non-inter-level travel time spent in this place.
 C = Inter-level travel time spent in this place.
 D = Time resting spent in this place.
 E = Time spent auto-exploring this place.
 F = Levels seen in this place.
 G = Mean time per level.
                   A        B        C        D        E       F      G
               +--------+--------+--------+--------+--------+-----+--------+
         Total |   4950 |   4825 |    125 |     39 |   3991 |   8 |  618.8 |
       Dungeon |   4909 |   4789 |    120 |     39 |   3976 |   7 |  701.3 |
        Temple |     41 |     36 |      5 |      0 |     14 |   1 |   41.0 |
               +--------+--------+--------+--------+--------+-----+--------+

Top non-repeatable levels by time:
     D:4: 1044 daAuts
     D:1: 879 daAuts
     D:2: 856 daAuts
     D:5: 829 daAuts
     D:3: 560 daAuts
     D:6: 419 daAuts
     D:7: 318 daAuts
  Temple: 41 daAuts
